 Dungeon Crawl Stone Soup version 0.21.1-1-g345015f (webtiles) character file.

81 tidbits the Sneak (level 4, 0/48 HPs)
             Began as a Gnoll Enchanter on June 20, 2018.
             Slain by Natasha (8 damage)
             ... on level 3 of the Dungeon.
             The game lasted 00:03:02 (333 turns).

tidbits the Sneak (Gnoll Enchanter)                  Turns: 333, Time: 00:03:02

Health: 0/48       AC:  3    Str: 15    XL:     4   Next: 42%
Magic:  1/11       EV: 20    Int: 19    God:
Gold:   10         SH:  0    Dex: 20    Spells: 4/13 levels left

rFire    . . .     SeeInvis .   a - +1 dagger
rCold    . . .     Gourm    .   (no shield)
rNeg     . . .     Faith    .   b - +0 robe
rPois    .         Spirit   .   (no helmet)
rElec    .         Reflect  .   C - +0 cloak
rCorr    .         Harm     .   (no gloves)
MR       .....                  (no boots)
Stlth    ..........             (no amulet)
HPRegen  0.16/turn              (no ring)
MPRegen  0.12/turn              (no ring)

@: mighty, agile, berserking, slowed
A: distributed training, fangs 1, strong nose
a: no special abilities


You were on level 3 of the Dungeon.
You were not hungry.

You visited 1 branch of the dungeon, and saw 3 of its levels.

You collected 10 gold pieces.

Inventory:

Hand Weapons
 a - a +1 dagger (weapon)
Armour
 b - a +0 robe (worn)
 C - a +0 cloak (worn)
Scrolls
 e - a scroll of identify {unknown}
 f - a scroll of remove curse {unknown}
 g - 3 scrolls of teleportation {unknown}
 i - 4 scrolls of fog {unknown}
 l - 3 scrolls of enchant armour {unknown}
Books
 c - a book of Maledictions

   Spells                             Type                      Level
   a - Corona                         Hexes                        1
   b - Ensorcelled Hibernation        Hexes/Ice                    2
   c - Confuse                        Hexes                        3
   d - Tukima's Dance                 Hexes                        3
   e - Dazzling Spray                 Conjuration/Hexes            3
Comestibles
 d - 3 rations


   Skills:
 + Level 1.1 Fighting
 + Level 2.7 Short Blades
 + Level 1.1 Long Blades
 + Level 1.1 Axes
 + Level 1.1 Maces & Flails
 + Level 1.1 Polearms
 + Level 1.1 Staves
 + Level 1.1 Slings
 + Level 1.1 Bows
 + Level 1.1 Crossbows
 + Level 1.1 Throwing
 + Level 1.1 Armour
 + Level 4.6 Dodging
 + Level 6.0 Stealth
 + Level 1.1 Shields
 + Level 1.1 Unarmed Combat
 + Level 5.0 Spellcasting
 + Level 0.8 Conjurations
 + Level 5.4 Hexes
 + Level 0.8 Charms
 + Level 0.8 Summonings
 + Level 0.8 Necromancy
 + Level 0.8 Translocations
 + Level 0.8 Transmutations
 + Level 0.8 Fire Magic
 + Level 0.8 Ice Magic
 + Level 0.8 Air Magic
 + Level 0.8 Earth Magic
 + Level 0.8 Poison Magic
 + Level 1.2 Invocations
 + Level 1.1 Evocations


You had 4 spell levels left.
You knew the following spells:

 Your Spells              Type           Power        Failure   Level  Hunger
a - Corona                Hex            ####...      1%          1    None
c - Confuse               Hex            ####....     3%          3    ##.....
d - Dazzling Spray        Conj/Hex       ###...       10%         3    ##.....
e - Ensorcelled Hibernat  Hex/Ice        ###...       4%          2    #......


Dungeon Overview and Level Annotations

Branches:
Dungeon (3/15)

Altars:
Qazlal
Zin

Annotations:
D:3 Natasha


Innate Abilities, Weirdness & Mutations

Your experience applies equally to all skills.
You have very sharp teeth.
Your uncanny sense of smell can sniff out nearby items.


Message History

A dart slug comes into view.
You see here a scroll labeled RUIKHL UCYEKK.
g - 3 scrolls labeled RUIKHL UCYEKK (gained 1)
Found a cabochon ring.
Found a stormy altar of Qazlal.
Unknown command.
An adder and a goblin come into view.
The adder hisses angrily.
The goblin shouts!
Unknown command.
Unknown command.
Casting: Ensorcelled Hibernation
Confirm with . or Enter, or press ? or * to list all spells.
Aiming: Ensorcelled Hibernation
Press: ? - help, Shift-Dir - straight line, f - adder
Aim: an adder (chance to defeat MR: 55%)
The adder resists with significant effort.
The adder bites you.
* * * LOW HITPOINT WARNING * * *
Casting: Ensorcelled Hibernation
Confirm with . or Enter, or press ? or * to list all spells.
Aiming: Ensorcelled Hibernation
Press: ? - help, Shift-Dir - straight line, f/p - adder
Aim: an adder (chance to defeat MR: 55%)
The adder looks drowsy...
A bat comes into view.
The helpless adder fails to defend itself.
You impale the adder!!
You kill the adder!
A jackal comes into view.
The jackal barks!
You hear a shout!
You hear an angry hiss.
You hear a bark!
You hit the goblin.
You kill the goblin!
Things that are here:
a club; a goblin corpse The jackal closely misses you.
Casting: Ensorcelled Hibernation
Confirm with . or Enter, or press ? or * to list all spells.
Aiming: Ensorcelled Hibernation
Press: ? - help, Shift-Dir - straight line, f - jackal
Aim: a jackal (chance to defeat MR: 64%)
The jackal looks drowsy...
The helpless jackal fails to defend itself.
You impale the jackal!!
You kill the jackal!
A jackal comes into view.
The jackal barks!
You hit the hobgoblin but do no damage. The hobgoblin barely misses you.
You hit the hobgoblin.
You bite the hobgoblin, but do no damage.
The hobgoblin is severely wounded.
The hobgoblin hits you with a club.
* * * LOW HITPOINT WARNING * * *
A jackal comes into view.
You hit the hobgoblin.
You kill the hobgoblin!
Casting: Ensorcelled Hibernation
Confirm with . or Enter, or press ? or * to list all spells.
Aiming: Ensorcelled Hibernation
Press: ? - help, Shift-Dir - straight line, f - jackal
Aim: a jackal (chance to defeat MR: 64%)
The jackal looks drowsy...
The helpless jackal fails to defend itself.
You impale the jackal!!
You kill the jackal!
The jackal closely misses you.
Casting: Ensorcelled Hibernation
Confirm with . or Enter, or press ? or * to list all spells.
Aiming: Ensorcelled Hibernation
Press: ? - help, Shift-Dir - straight line, f - jackal
Aim: a jackal (chance to defeat MR: 64%)
The jackal looks drowsy...
The helpless jackal fails to defend itself.
You impale the jackal!!
You kill the jackal!
Natasha, Servant of Life and Death comes into view.
Natasha casts a spell at you. You resist with some effort.
Items here: )) ††† a club x2; a jackal corpse x2; a goblin corpse Natasha stares at you and mumbles some strange words.
The magic dart hits you!
* * * LOW HITPOINT WARNING * * *
Unknown command.
Casting: Ensorcelled Hibernation
Confirm with . or Enter, or press ? or * to list all spells.
Aiming: Ensorcelled Hibernation
Press: ? - help, Shift-Dir - straight line, f - Natasha
Aim: Natasha (chance to defeat MR: 47%) Natasha resists with some effort.
Natasha misses you.
It was a potion of agility.
You feel agile all of a sudden.
Natasha casts a spell.
It was a potion of might.
You feel very mighty all of a sudden. Natasha casts a spell at you.
You feel yourself slow down.
The crimson imp blinks!
It was a potion of berserk rage.
A red film seems to cover your vision as you go berserk!
You feel yourself moving faster!
You feel mighty! Natasha misses you. Natasha claws you!
You die...

...........##
..8........
.......=. .._.5..
∆ ..?.. #. ..§#
#..### #.h### #..
#....##@...###....
#..)..#........
####..........#
#............
####..........###
#...............#
w...###........##
### #....<...#
##########


You could see Natasha and a crimson imp.

Vanquished Creatures
  Jessica (D:3)
  Natasha (D:3)
  An adder (D:3)
  An ooze (D:1)
  3 bats (D:1)
  A giant cockroach (D:3)
  2 hobgoblins
  3 jackals (D:3)
  4 frilled lizards
  A goblin (D:3)
  2 kobolds (D:1)
  A rat (D:1)
21 creatures vanquished.

Notes
Turn   | Place    | Note
-------+----------+-------------------------------------------
     0 | D:1      | tidbits the Gnoll Enchanter began the quest for the Orb.
     0 | D:1      | Reached XP level 1. HP: 13/13 MP: 6/6
    95 | D:1      | Reached XP level 2. HP: 7/19 MP: 5/7
   100 | D:1      | Learned a level 2 spell: Ensorcelled Hibernation
   208 | D:3      | Noticed Jessica
   216 | D:3      | Killed Jessica
   216 | D:3      | Reached skill level 6 in Stealth
   216 | D:3      | Reached skill level 5 in Spellcasting
   216 | D:3      | Reached XP level 3. HP: 18/25 MP: 3/9
   221 | D:3      | Learned a level 3 spell: Confuse
   223 | D:3      | Noticed Natasha
   225 | D:3      | Learned a level 3 spell: Dazzling Spray
   227 | D:3      | Reached skill level 1 in Invocations
   239 | D:3      | Killed Natasha
   239 | D:3      | Reached skill level 1 in Fighting
   239 | D:3      | Reached skill level 1 in Long Blades
   239 | D:3      | Reached skill level 1 in Axes
   239 | D:3      | Reached skill level 1 in Maces & Flails
   239 | D:3      | Reached skill level 1 in Polearms
   239 | D:3      | Reached skill level 1 in Staves
   239 | D:3      | Reached skill level 1 in Slings
   239 | D:3      | Reached skill level 1 in Bows
   239 | D:3      | Reached skill level 1 in Crossbows
   239 | D:3      | Reached skill level 1 in Throwing
   239 | D:3      | Reached skill level 1 in Armour
   239 | D:3      | Reached skill level 1 in Shields
   239 | D:3      | Reached skill level 1 in Unarmed Combat
   239 | D:3      | Reached skill level 1 in Evocations
   239 | D:3      | Reached XP level 4. HP: 10/32 MP: 1/11
   276 | D:2      | Found a glowing silver altar of Zin.
   307 | D:3      | Found a stormy altar of Qazlal.
   328 | D:3      | Noticed Natasha
   333 | D:3      | Slain by Natasha

Skill      XL: |  1  2  3 |
---------------+----------+-----
Stealth        | 6 |  6.0
Spellcasting   | 5 |  5.0
Invocations    | 1 |  1.2
Fighting       | 1 |  1.1
Long Blades    | 1 |  1.1
Axes           | 1 |  1.1
Maces & Flails | 1 |  1.1
Polearms       | 1 |  1.1
Staves         | 1 |  1.1
Slings         | 1 |  1.1
Bows           | 1 |  1.1
Crossbows      | 1 |  1.1
Throwing       | 1 |  1.1
Armour         | 1 |  1.1
Shields        | 1 |  1.1
Unarmed Combat | 1 |  1.1
Evocations     | 1 |  1.1
Short Blades   | |  2.7
Dodging        | |  4.6
Conjurations   | |  0.8
Hexes          | |  5.4
Charms         | |  0.8
Summonings     | |  0.8
Necromancy     | |  0.8
Translocations | |  0.8
Transmutations | |  0.8
Fire Magic     | |  0.8
Ice Magic      | |  0.8
Air Magic      | |  0.8
Earth Magic    | |  0.8
Poison Magic   | |  0.8

Action                   |  1- 3 |  4- 6 || total
-------------------------+-------+-------++-------
Melee: Dagger            |    17 |    12 ||    29
       Bite              |     2 |     1 ||     3
 Cast: Corona            |     4 |       ||     4
       Ensorcelled Hiber |     5 |     6 ||    11
  Use: Potion            |       |     3 ||     3
 Stab: Sleeping          |     8 |     5 ||    13
Armor: Robe              |     2 |       ||     2
Dodge: Dodged            |     4 |     7 ||    11

Table legend:
 A = Turns spent in this place as a percentage of turns spent in the entire game.
 B = Non-inter-level travel turns spent in this place as a percentage of non-inter-level travel turns spent in the entire game.
 C = Inter-level travel turns spent in this place as a percentage of turns spent in this place.
 D = Turns resting spent in this place as a percentage of non-inter-level travel turns spent in this place.
 E = Turns spent auto-exploring this place as a percentage of non-inter-level travel turns spent in this place.
 F = Non-inter-level travel turns spent in this place divided by the number of levels of this place that you've seen.
                   A       B       C       D       E      F
               +-------+-------+-------+-------+-------+----------------------
         Total | 100.0 | 100.0 |   0.0 |   0.0 |   0.0 | 111.0
       Dungeon | 100.0 | 100.0 |   0.0 |   0.0 |   0.0 | 111.0
               +-------+-------+-------+-------+-------+----------------------

Table legend:
 A = Kills in this place as a percentage of kills in entire the game.
 B = Kills by you in this place as a percentage of kills by you in the entire game.
 C = Kills by friends in this place as a percentage of kills by friends in the entire game.
 D = Other kills in this place as a percentage of other kills in the entire game.
 E = Experience gained in this place as a percentage of experience gained in the entire game.
 F = Experience gained in this place divided by the number of levels of this place that you have seen.
                   A       B       C       D       E      F
               +-------+-------+-------+-------+-------+----------------------
         Total | 100.0 | 100.0 |   N/A |   N/A | 100.0 |  39.0
       Dungeon | 100.0 | 100.0 |   N/A |   N/A | 100.0 |  39.0
               +-------+-------+-------+-------+-------+----------------------

Vault maps used:
D:1:      lightli_arrival_isolated_outpost
D:2:      lemuel_crystal_altar, first_ration
D:3:      grunt_temple_overflow_open, uniq_jessica, uniq_natasha
